 Dungeon Crawl Stone Soup version 0.19-a0-607-g42021f0 (webtiles) character file.

224 Stormphoenix the Ruffian (level 5, -3/50 HPs)
             Began as a Troll Monk on June 12, 2016.
             Slain by tstbtto's ghost (7 damage)
             ... on level 4 of the Dungeon.
             The game lasted 00:05:08 (1938 turns).

Stormphoenix the Ruffian (Troll Monk)               Turns: 1938, Time: 00:05:09

Health: -3/50      AC:  5    Str: 20    XL:     5   Next: 67%
Magic:  7/13       EV: 10    Int:  8    God:
Gold:   138        SH:  0    Dex: 12    Spells: 0 memorised, 4 levels left

rFire  + . .     SeeInvis .       - Unarmed
rCold  . . .     Gourm    +     a - +0 robe
rNeg   . . .     Faith    .     (no shield)
rPois  .         Spirit   .     (helmet restricted)
rElec  +         Dismiss  .     (no cloak)
rCorr  .         Reflect  .     (gloves unavailable)
SustAt .         Harm     .     (boots unavailable)
MR     .....                    (no amulet)
Stlth  +.........               (no ring)
                                f - ring of Uqymis {rElec rF+ MP+9}

@: not resistant to hostile enchantments, very unstealthy
A: unfitting armour, claws 3, clever 1, fast metabolism 3, gourmand,
regeneration 2, shaggy fur 1, tough skin 2
a: no special abilities


You were on level 4 of the Dungeon.
You were very full.

You visited 1 branch of the dungeon, and saw 4 of its levels.

You collected 138 gold pieces.

Inventory:

Armour
 a - a +0 robe (worn)
Jewellery
 f - the ring of Uqymis (left claw) {rElec rF+ MP+9}
   (You acquired it on level 3 of the Dungeon)

   [ring of protection from fire]

   It protects you from fire.
   It insulates you from electricity.
   It affects your magic capacity (+9).
Wands
 d - a wand of heal wounds (2/9)
Scrolls
 j - a scroll of remove curse
Potions
 g - 3 potions of ambrosia
Comestibles
 b - 2 bread rations
 c - a royal jelly
 i - a meat ration


   Skills:
 - Level 2.4 Fighting
 - Level 2.4 Dodging
 - Level 1.1 Stealth
 + Level 7.0 Unarmed Combat


You had 4 spell levels left.
You didn't know any spells.

Dungeon Overview and Level Annotations

Branches:
Dungeon (4/15)
 Temple: D:4-7

Altars:
Ashenzari

Annotations:
D:4 Dowan; tstbtto's ghost, amateur CeGl


Innate Abilities, Weirdness & Mutations

You are too large for most types of armour.
You have claws for hands.
Your metabolism is lightning-fast.
You like to eat raw meat.
You heal very quickly.
You are covered in fur. (AC +1)
You have very tough skin. (AC +2)
Your mind is acute. (Int +2)


Message History

You claw Duvessa!
Duvessa is almost dead.
Duvessa hits you but does no damage.
Dowan smirks and points a slender finger.
You claw Duvessa!
You kill Duvessa!
Dowan's eyes darken. "You have made a black mistake."
Dowan seems to find hidden reserves of power!
Your Unarmed Combat skill increases to level 7!
You have reached level 5!
You scratch tstbtto's ghost.
Tstbtto's ghost is lightly damaged.
Tstbtto's ghost hits you!
* * * LOW HITPOINT WARNING * * *
x2 You scratch tstbtto's ghost.
Tstbtto's ghost is lightly damaged.
You scratch tstbtto's ghost.
Tstbtto's ghost is lightly damaged.
Tstbtto's ghost hits you!
You die...

#.....^%.....
#............
#............
#........... #..........
#........ ## #e#......
.# #W# #...# ## #@# ###
# #.# # #.## # #..# #
#..###### ## #..##...#
.###############......##
.....................##
#####...............###


You could see Dowan and tstbtto's ghost.

Vanquished Creatures
  Duvessa (D:4)
  A crimson imp (D:3)
  3 adders
  An ooze (D:1)
  3 worms
  A dart slug (D:1)
  A giant gecko (D:2)
  4 bats
  4 giant cockroaches
  6 hobgoblins
  2 giant newts (D:2)
  8 goblins
  5 kobolds
  6 rats
46 creatures vanquished.

Notes
Turn   | Place    | Note
--------------------------------------------------------------
     0 | D:1      | Stormphoenix the Troll Monk began the quest for the Orb.
     0 | D:1      | Reached XP level 1. HP: 22/22 MP: 0/0
    53 | D:1      | Reached XP level 2. HP: 29/29 MP: 1/1
   471 | D:1      | Reached skill level 5 in Unarmed Combat
   522 | D:1      | Gained mutation: You are agile. (Dex +2) [potion of mutation]
   522 | D:1      | Lost mutation: You are agile. (Dex +2) [potion of mutation]
   522 | D:1      | Gained mutation: Your mind is acute. (Int +2) [potion of mutation]
   545 | D:2      | Reached XP level 3. HP: 36/36 MP: 2/2
   821 | D:2      | Found a shattered altar of Ashenzari.
  1429 | D:3      | Reached XP level 4. HP: 44/44 MP: 3/3
  1764 | D:3      | Reached skill level 6 in Unarmed Combat
  1825 | D:3      | Identified a scroll of acquirement
  1828 | D:3      | Got a smoking glass ring
  1903 | D:4      | Noticed Dowan
  1905 | D:4      | Identified the ring of Uqymis {rElec rF+ MP+9} (You acquired it on level 3 of the Dungeon)
  1906 | D:4      | Noticed Duvessa
  1907 | D:4      | Noticed tstbtto's ghost (amateur CeGl)
  1935 | D:4      | Killed Duvessa
  1935 | D:4      | Reached skill level 7 in Unarmed Combat
  1935 | D:4      | Reached XP level 5. HP: 18/50 MP: 4/4
  1938 | D:4      | Slain by tstbtto's ghost

Vault maps used:
D:1:      dpeg_arrival_round_b, minmay_misc_feat_rugged
D:2:      overflow_temple_1_default
D:3:      nrook_loot_triangle
D:4:      first_bread, serial_park_tiny_1, grunt_decor_mini_mirrors,
          uniq_duvessa

Skill      XL: |  1  2  3  4 |
---------------+-------------+-----
Unarmed Combat | 5 7 |  7.0
Fighting       | |  2.4
Dodging        | |  2.4
Stealth        | |  1.1

Action                   |  1- 3 |  4- 6 || total
-------------------------+-------+-------++-------
Melee: Unarmed           |    95 |    71 ||   166
       Punch             |     2 |     1 ||     3
  Use: Scroll            |     5 |     3 ||     8
       Potion            |     1 |     1 ||     2
 Stab: Sleeping          |     2 |       ||     2
  Eat: Chunk             |    17 |     4 ||    21
Armor: Robe              |    42 |    24 ||    66
Dodge: Dodged            |    37 |    29 ||    66
